 Dungeon Crawl Stone Soup version 0.29-a0-613-gf2c431b9b9 (webtiles) character file.

Game seed: 7501843962773717434

203 ytrimaz the Insei (level 5, -1/33 HPs)
             Began as an Octopode Transmuter on June 17, 2022.
             Slain by a gnoll
             ... wielding a +0 halberd
              (4 damage)
             ... on level 3 of the Dungeon.
             The game lasted 00:04:08 (2852 turns).

ytrimaz the Insei (Octopode Transmuter)             Turns: 2852, Time: 00:04:08

Health: -1/33      AC:  2    Str: 10    XL:     5   Next: 81%
Magic:  4/8        EV: 19    Int: 17    God:
Gold:   71         SH:  0    Dex: 17    Spells: 2/8 levels left

rFire   . . .      SeeInvis .     - Unarmed
rCold   . . .      Faith    .   (shield currently unavailable)
rNeg    . . .      Spirit   .   (helmet currently unavailable)
rPois   x          Reflect  .   (no amulet)
rElec   .          Harm     .   (no ring)
rCorr   .          Rampage  .   (no ring)
Will    .....                   (no ring)
Stlth   ++........              (no ring)
HPRegen 0.11/turn               (no ring)
MPRegen 0.11/turn               (no ring)
                                (no ring)
                                (no ring)

@: spider-form (expiring), wereblooded
A: venomous fangs, almost no armour, (amphibious), 8 rings, tiny, (camouflage
1), (gelatinous body 1), (nimble swimmer 1), (tentacles)
a: End Transformation


You were on level 3 of the Dungeon.
You were a venomous arachnid creature.
You visited 1 branch of the dungeon, and saw 3 of its levels.

You collected 71 gold pieces.

Inventory:

Scrolls
 g - a scroll of blinking
 i - a scroll of teleportation
 j - a scroll of magic mapping {unknown}
 k - a scroll of immolation {unknown}
 l - a scroll of identify
 m - a scroll of enchant armour {unknown}
Potions
 a - a potion of lignification
 b - a potion of magic {unknown}
 c - 6 potions of curing
 d - a potion of attraction {unknown}
 e - a potion of invisibility {unknown}
 f - a potion of brilliance {unknown}
 h - a potion of flight {unknown}


   Skills:
 - Level 1.0 Fighting
 - Level 0.2 Short Blades
 - Level 0.2 Long Blades
 - Level 0.4(0.5) Axes
 - Level 0.4(0.5) Polearms
 - Level 0.5 Bows
 - Level 0.8 Crossbows
 - Level 0.2 Throwing
 - Level 2.0 Dodging
 - Level 0.4 Shields
 + Level 5.5 Unarmed Combat
 - Level 2.0 Spellcasting
 - Level 0.3 Conjurations
 - Level 0.2 Hexes
 - Level 0.2 Necromancy
 - Level 0.1 Translocations
 - Level 2.0 Transmutations
 - Level 0.2 Fire Magic
 - Level 0.4 Earth Magic
 - Level 0.2 Poison Magic
 - Level 0.2 Invocations


You had 2 spell levels left.
You knew the following spells:

 Your Spells              Type           Power      Damage    Failure   Level
a - Beastly Appendage     Tmut           16%        N/A       22%         1
b - Wereblood             Tmut           8%         N/A       30%         2
c - Spider Form           Tmut/Pois      5%         N/A       58%         3

Your spell library contained the following spells:

 Spells                   Type           Power      Damage    Failure   Level
 Sting                    Tmut/Pois      20%        1d4       28%         1
 Blink                    Tloc           4%         N/A       47%         2
 Poisonous Vapours        Pois/Air       4%         N/A       50%         2
 Ice Form                 Ice/Tmut       5%         N/A       90%         4
 Olgreb's Toxic Radiance  Pois           2%         N/A       95%         4
 Manifold Assault         Tloc           2%         N/A       100%        5
 Storm Form               Tmut/Air       2%         N/A       100%        7


Dungeon Overview and Level Annotations

Branches:
Dungeon (3/15)

Altars:

Shops:
D:1 *[


Innate Abilities, Weirdness & Mutations

You are a venomous arachnid creature.
You have poisonous fangs.
You are tiny and dextrous.
Your spellcasting is less reliable in this form.
Your armour is entirely melded.
You are incapable of wielding weapons or throwing items.
You cannot wear most types of armour.
((You are amphibious.))
You can wear up to eight rings at the same time.
((Your skin changes colour to match your surroundings (Stealth+).))
((Your rubbery body absorbs attacks. (AC +1, EV +1)))
((You are camouflaged when in or above water. (Stealth+)))
((You have tentacles for arms and can constrict up to eight enemies at once.))


Message History

You squeeze the scorpion, but do no damage.
The scorpion is heavily wounded.
You howl as the wereblood boils in your veins!
The scorpion closely misses you.
You closely miss the scorpion. You grab the scorpion. You squeeze the scorpion.
The scorpion is almost dead.
You constrict the scorpion. The scorpion stings you.
The scorpion completely misses you.
Unknown command.
Casting: Wereblood (safe; 13% risk of failure)
Confirm with . or Enter, or press ? or * to list all spells.
The spell is quite dangerous to miscast (36% risk of failure)!
Continue anyway?
Your tentacle spike disappears.
You turn into a venomous arachnid creature.
You lose your grip on the scorpion.
You hiss as the wereblood boils in your veins!
The gnoll barely misses you. The scorpion stings you.
Unknown command.
You bite the scorpion!
You feel a bit better.
You kill the scorpion!
The gnoll hits you from afar with a +0 spear.
Your Unarmed Combat skill increases to level 5!
The gnoll closely misses you. The gnoll hits you with a +0 spear.
* * * LOW HITPOINT WARNING * * *
The gnoll barely misses you.
Things that are here:
a +0 flail; a rat corpse; a gnoll corpse You hit the gnoll.
The gnoll is lightly wounded.
The gnoll hits you from afar with a +1 vorpal spear.
* * * LOW HITPOINT WARNING * * *
x2 The gnoll misses you.
The gnoll barely misses you.
Unknown command.
You hit the gnoll.
The gnoll is poisoned.
The gnoll is heavily wounded.
You hiss as the wereblood boils in your veins!
Your transformation is almost over.
The gnoll hits you but does no damage. The gnoll misses you.
The gnoll hits you from afar with a +0 halberd.
You die...

## ##### .# #...# .#
#...# # .# #...# .# .#
#...# ##### ..# .###...#
#.†.# ...# .......#
#...# ....#
####...###...#####g....#
................sgg.....
..###.####...#####.....#
........##...# ....#
....########## ####
....# ....# ....# #...#
##.##


You could see 3 gnolls.

Vanquished Creatures
  A scorpion (D:3)
  An iguana (D:3)
  2 adders
  A gnoll (D:3)
  2 worms
  12 dart slugs
  4 endoplasms
  5 goblins
  5 hobgoblins
  6 jackals
  3 quokkas
  5 ball pythons
  7 bats
  2 frilled lizards (D:2)
  5 kobolds
  2 rats
63 creatures vanquished.

Notes
Turn   | Place    | Note
-------+----------+-------------------------------------------
     0 | D:1      | ytrimaz the Octopode Transmuter began the quest for the
                  | Orb.
     0 | D:1      | Reached XP level 1. HP: 13/13 MP: 3/3
    58 | D:1      | Reached XP level 2. HP: 14/18 MP: 0/5
   374 | D:1      | Found Ramnahuth's General Store.
   393 | D:1      | Found a faded altar of an unknown god.
   411 | D:1      | Reached XP level 3. HP: 19/23 MP: 4/6
   426 | D:1      | Learned a level 3 spell: Spider Form
   429 | D:1      | Learned a level 2 spell: Wereblood
   948 | D:1      | Found Maiquob's Armour Shoppe.
  1584 | D:2      | Reached XP level 4. HP: 28/28 MP: 5/7
  1747 | D:2      | You fall into a shaft and drop 1 floor!
  1769 | D:3      | Reached skill level 4 in Unarmed Combat
  2626 | D:3      | Reached XP level 5. HP: 24/33 MP: 4/8
  2850 | D:3      | Reached skill level 5 in Unarmed Combat
  2852 | D:3      | Slain by a gnoll

Illustrated notes

Levels and vault maps discovered:
D:1:      dpeg_arrival_rooms_a, layout_rooms, hellmonk_ecumenical_altar_zigzags,
          serial_shops, nicolae_shop_stone, nicolae_lakefront_shop
D:2:      layout_rooms
D:3:      kennysheep_slugbush, layout_basic, lemuel_coloured_pillars_altar,
          serial_park_tiny_2, uniq_natasha

Skill      XL: |  1  2  3  4  5 |
---------------+----------------+-----
Unarmed Combat | 4 5 |  5.5
Fighting       | |  1.0
Short Blades   | |  0.2
Long Blades    | |  0.2
Axes           | |  0.4
Polearms       | |  0.4
Bows           | |  0.5
Crossbows      | |  0.8
Throwing       | |  0.2
Dodging        | |  2.0
Shields        | |  0.4
Spellcasting   | |  2.0
Conjurations   | |  0.3
Hexes          | |  0.2
Necromancy     | |  0.2
Translocations | |  0.1
Transmutations | |  2.0
Fire Magic     | |  0.2
Earth Magic    | |  0.4
Poison Magic   | |  0.2
Invocations    | |  0.2

Action                   |  1- 3 |  4- 6 || total
-------------------------+-------+-------++-------
Melee: Unarmed           |    88 |    61 ||   149
       Tentacles         |    16 |    12 ||    28
       Kick              |    19 |    12 ||    31
       Constrict         |    25 |    18 ||    43
       Punch             |     4 |     4 ||     8
 Cast: Beastly Appendage |    14 |     7 ||    21
       Wereblood         |     1 |     1 ||     2
       Spider Form       |       |     2 ||     2
  Use: Scroll            |     5 |     1 ||     6
 Stab: Sleeping          |     3 |     4 ||     7
Armor: Skin              |    15 |     3 ||    18
Dodge: Dodged            |    75 |    39 ||   114

Table legend: (Time is in decaauts)
 A = Elapsed time spent in this place.
 B = Non-inter-level travel time spent in this place.
 C = Inter-level travel time spent in this place.
 D = Time resting spent in this place.
 E = Time spent auto-exploring this place.
 F = Levels seen in this place.
 G = Mean time per level.
                   A        B        C        D        E       F      G
               +--------+--------+--------+--------+--------+-----+--------+
         Total |   2842 |   2817 |     25 |    513 |   1828 |   3 |  947.3 |
       Dungeon |   2842 |   2817 |     25 |    513 |   1828 |   3 |  947.3 |
               +--------+--------+--------+--------+--------+-----+--------+

Top non-repeatable levels by time:
     D:1: 1142 daAuts
     D:3: 887 daAuts
     D:2: 811 daAuts
